 Dungeon Crawl Stone Soup version 0.25.0-1-g7eea58d2a3 (webtiles) character file.

Game seed: 13499119790884182407

5188 McIrco the Unseen (level 10, 0/52 HPs)
             Began as a Vampire Enchanter on June 13, 2020.
             Was a Believer of Dithmenos.
             Slain by a slave (5 damage)
             ... led by Pikel
             ... on level 8 of the Dungeon.
             The game lasted 00:22:46 (6773 turns).

McIrco the Unseen (Vampire Enchanter)               Turns: 6773, Time: 00:22:46

Health: 0/52       AC:  6    Str:  9    XL:     10   Next: 34%
Magic:  6/17       EV: 12    Int: 25    God:    Dithmenos [**....]
Gold:   333        SH:  0    Dex: 15    Spells: 9/18 levels left

rFire    . . .     SeeInvis +   a - +1 dagger
rCold    + + .     Gourm    .   (no shield)
rNeg     + + +     Faith    .   l - +0 troll leather armour {Purgy}
rPois    ∞         Spirit   .   c - +0 helmet
rElec    .         Reflect  .   (no cloak)
rCorr    .         Harm     .   v - +0 pair of gloves
MR       +....                  (no boots)
Stlth    +++++++++.             (no amulet)
HPRegen  0.00/turn              e - +4 ring of evasion
MPRegen  0.15/turn              j - +6 ring of intelligence

@: marked, held, bloodless, wreathed by umbra
A: no food, fangs 3, see invisible, unbreathing
a: Bat Form, Revivify, Shadow Step, Renounce Religion


You were on level 8 of the Dungeon.
You worshipped Dithmenos.
Dithmenos was pleased with you.
You were bloodless.

You visited 2 branches of the dungeon, and saw 9 of its levels.
You also visited: Sewer.

You collected 333 gold pieces.

Inventory:

Hand Weapons
 a - a +1 dagger (weapon)
 i - a +0 dagger of holy wrath
 D - a +0 dagger of flaming
Armour
 b - a +0 robe
 c - a +0 helmet (worn)
 l - a +0 troll leather armour (worn) {Purgy}
 o - a +0 tower shield
 v - a +0 pair of gloves (worn)
 w - a +2 robe of magic resistance
 E - a +2 robe of the Archmagi
Jewellery
 e - a +4 ring of evasion (left hand)
 j - a +6 ring of intelligence (right hand)
Wands
 r - a wand of iceblast (10)
 x - a wand of random effects (20)
Scrolls
 f - 4 scrolls of teleportation
 g - 8 scrolls of identify
 n - 4 scrolls of remove curse
 y - a scroll of blinking
 A - a scroll of amnesia {unknown}
 C - a scroll of fog {unknown}
Potions
 d - 7 potions of heal wounds
 h - 3 potions of curing {unknown}
 k - a potion of degeneration {unknown}
 m - 3 potions of ambrosia {unknown}
 p - 2 potions of invisibility {unknown}
 q - 3 potions of haste {unknown}
 s - a potion of might {unknown}
 t - a potion of lignification {unknown}
 u - a potion of cancellation {unknown}
 z - 2 potions of flight {unknown}
 B - a potion of berserk rage {unknown}


   Skills:
 + Level 1.5 Fighting
 + Level 4.4 Short Blades
 + Level 1.8 Armour
 * Level 7.2 Dodging
 * Level 15.1 Stealth
 + Level 4.9 Spellcasting
 + Level 8.6 Hexes
 + Level 4.1 Ice Magic


You had 9 spell levels left.
You knew the following spells:

 Your Spells              Type           Power        Failure   Level  Hunger
a - Corona                Hex            #####..      1%          1    N/A
b - Ensorcelled Hibernat  Hex/Ice        #####.       1%          2    N/A
c - Confusing Touch       Hex            #####...     1%          3    N/A
d - Tukima's Dance        Hex            #####...     1%          3    N/A

Your spell library contained the following spells:

 Spells                   Type           Power        Failure   Level  Hunger
 Dazzling Flash           Conj/Hex       ####..       6%          3    N/A
 Animate Skeleton         Necr           N/A          12%         1    N/A
 Apportation              Tloc           #.....       12%         1    N/A
 Summon Small Mammal      Summ           #...         12%         1    N/A

Dungeon Overview and Level Annotations

Branches:
Dungeon (8/15)             Temple (1/1) D:5           Sewer (visited)
   Lair: D:8-11

Altars:
Ashenzari
Cheibriados
Dithmenos
Elyvilon
Fedhas
Hepliaklqana
Kikubaaqudgha
Makhleb
Nemelex Xobeh
Okawaru
Qazlal
Ru
Trog
Uskayaw
Vehumet
Xom
Yredelemnul
Zin
The Shining One

Annotations:
D:7 1 transporter
D:8 Grum, Harold, Pikel


Innate Abilities, Weirdness & Mutations

You do not eat.
You do not regenerate when monsters are visible.
You are frail without blood (-20% HP).
You can heal yourself when you bite living creatures.
You are immune to poison.
You have razor-sharp teeth.
You have supernaturally acute eyesight. (SInv)
You can survive without breathing.


Message History

You rip the net and break free!
Harold throws a throwing net.
The throwing net hits you.
You become entangled in the net!
The slave closely misses you.
Grum the Hunter comes into view.
He is wielding a -1 halberd of venom.
Pikel hits you with a +1 whip of electrocution.
You tear a large gash into the net.
The slave hits you but does no damage. The slave misses you. Pikel misses you.
You struggle against the net.
The slave misses you. The slave hits you but does no damage.
Harold says, "This is so exciting!
What a great way to end my career!"
Pikel hits you with a +1 whip of electrocution.
You shred the net and break free! The slave misses you.
Harold hits you but does no damage. The slave hits you.
Pikel closely misses you.
Harold throws a throwing net.
The throwing net hits you.
You become entangled in the net!
Pikel hits you but does no damage.
You are electrocuted!!
* * * LOW HITPOINT WARNING * * *
The slave hits you.
You die...

.
..........#####.########
..........'....>#
......†...#######
###.....# .####..)..##
........>..#
..###.#)##.# .......)#
+### ..#.#..@#....#
#.#..pKp...# #
#..p.p...# #@.#.g...#
.... ....... .....
....... ..#.#.# .##....
. #... .# .... .... .#
...


You could see Harold, Grum, Pikel and 4 slaves.

Vanquished Creatures
  Erica (D:8)
  A two-headed ogre (D:8)
  A gargoyle (D:7)
  Prince Ribbit (D:5)
  Sigmund (D:6)
  Eustachio (D:6)
  A hungry ghost (D:7)
  Menkaure (D:6)
  Edmund (D:5)
  Duvessa (D:5)
  A water moccasin (D:8)
  An orc warrior (D:7)
  Purgy (Sewer)
  3 ogres
  2 sky beasts
  A phantom (D:5)
  3 wolves (D:8)
  2 centaurs
  Blork the orc (D:4)
  A bullfrog (D:7)
  Dowan (D:5)
  A scorpion (D:4)
  A wight (D:6)
  2 howler monkeys
  4 jellies
  2 crimson imps
  A bullfrog zombie (D:5)
  A centaur zombie (D:6)
  2 orc priests
  2 bullfrog skeletons
  An iguana (D:7)
  5 orc wizards
  Natasha (thrice) (D:2)
  10 worker ants
  A hound zombie (D:8)
  A worker ant zombie (D:6)
  11 gnolls
  3 adders
  An ooze (D:7)
  An adder skeleton (D:4)
  2 worms
  3 dart slugs
  A leopard gecko (D:4)
  20 orcs
  7 giant cockroaches
  4 goblins
  A hobgoblin (D:1)
  7 jackals
  3 quokkas
  8 bats
  8 frilled lizards
  8 kobolds
  A leopard gecko skeleton (D:7)
  6 rats
159 creatures vanquished.

Notes
Turn   | Place    | Note
-------+----------+-------------------------------------------
     0 | D:1      | McIrco the Vampire Enchanter began the quest for the Orb.
     0 | D:1      | Reached XP level 1. HP: 13/13 MP: 3/3
   401 | D:1      | Reached XP level 2. HP: 19/19 MP: 5/5
   405 | D:1      | Learned a level 2 spell: Ensorcelled Hibernation
   422 | D:1      | Reached skill level 5 in Hexes
   726 | D:2      | Found a basalt altar of Yredelemnul.
   741 | D:2      | Reached skill level 5 in Stealth
  1006 | D:2      | Noticed Natasha
  1013 | D:2      | Killed Natasha
  1013 | D:2      | Reached XP level 3. HP: 24/24 MP: 6/6
  1367 | D:2      | Noticed Natasha
  1374 | D:2      | Killed Natasha
  1374 | D:2      | Reached XP level 4. HP: 25/31 MP: 0/7
  1522 | D:2      | Noticed Natasha
  1577 | D:2      | Killed Natasha
  1577 | D:2      | Reached skill level 6 in Stealth
  1828 | D:3      | Reached XP level 5. HP: 36/36 MP: 3/8
  1928 | D:3      | Found a snail-covered altar of Cheibriados.
  2265 | D:3      | Noticed an ogre
  2271 | D:3      | Killed an ogre
  2271 | D:3      | Reached skill level 7 in Stealth
  2271 | D:3      | Reached skill level 1 in Ice Magic
  2271 | D:3      | Reached XP level 6. HP: 42/42 MP: 4/9
  2516 | D:4      | Found a glowing drain.
  2524 | Sewer    | Entered a sewer
  2614 | Sewer    | Noticed Purgy
  2616 | Sewer    | Killed Purgy
  2756 | D:4      | Learned a level 3 spell: Confusing Touch
  2760 | D:4      | Learned a level 3 spell: Tukima's Dance
  2878 | D:4      | Reached skill level 8 in Stealth
  2880 | D:4      | Reached XP level 7. HP: 47/47 MP: 3/10
  3236 | D:5      | Entered Level 5 of the Dungeon
  3246 | D:5      | Reached skill level 9 in Stealth
  3248 | D:5      | Noticed Prince Ribbit
  3262 | D:5      | Killed Prince Ribbit
  3275 | D:5      | Reached skill level 10 in Stealth
  3362 | D:5      | Noticed Dowan
  3381 | D:5      | Noticed Edmund
  3384 | D:5      | Noticed Blork the orc
  3392 | D:5      | Found a staircase to the Ecumenical Temple.
  3392 | D:5      | Noticed Duvessa
  3406 | D:4      | Reached XP level 8. HP: 51/53 MP: 1/12
  3615 | D:4      | Killed Blork the orc
  3618 | D:4      | Reached skill level 1 in Fighting
  3788 | D:5      | Killed Duvessa
  3919 | D:5      | Killed Dowan
  3919 | D:5      | Reached skill level 5 in Dodging
  3975 | D:5      | Killed Edmund
  3975 | D:5      | Reached skill level 11 in Stealth
  4055 | Temple   | Entered the Ecumenical Temple
  4278 | Temple   | Became a worshipper of Dithmenos the Shadowed
  4343 | D:6      | Noticed Menkaure
  4347 | D:6      | Killed Menkaure
  4496 | D:6      | Noticed Eustachio
  4502 | D:6      | Killed Eustachio
  4502 | D:6      | Reached skill level 1 in Armour
  4586 | D:6      | Found a shimmering altar of Xom.
  4979 | D:6      | Reached skill level 12 in Stealth
  4979 | D:6      | Reached XP level 9. HP: 59/59 MP: 7/14
  5745 | D:6      | Noticed Sigmund
  5749 | D:6      | Killed Sigmund
  5792 | D:7      | Reached * piety under Dithmenos
  5821 | D:7      | Found the +9 staff of Olgreb {rPois∞}
  5961 | D:7      | Noticed a gargoyle
  5976 | D:7      | Killed a gargoyle
  5976 | D:7      | Reached skill level 13 in Stealth
  6134 | D:7      | Found a bloodstained altar of Trog.
  6164 | D:7      | Found a transporter.
  6181 | D:7      | Noticed a red ugly thing
  6535 | D:8      | Noticed Erica
  6542 | D:8      | Killed Erica
  6542 | D:8      | Reached skill level 14 in Stealth
  6542 | D:8      | Reached XP level 10. HP: 52/52 MP: 16/16
  6590 | D:7      | Reached ** piety under Dithmenos
  6751 | D:8      | Noticed a two-headed ogre
  6757 | D:8      | Noticed Pikel
  6758 | D:8      | Killed a two-headed ogre
  6758 | D:8      | Reached skill level 15 in Stealth
  6759 | D:8      | Noticed Harold
  6769 | D:8      | Noticed Grum
  6773 | D:8      | Slain by a slave

Illustrated notes

Levels and vault maps discovered:
D:1:      mrwooster_arrival_statue_2, layout_basic
D:2:      layout_loops_cross, lemuel_crystal_altar, first_ration, uniq_natasha
D:3:      layout_rooms, kennysheep_slug_shrine
D:4:      layout_rooms, portal_sewer_entry_f, minmay_joined_circles
D:5:      layout_rooms, temple_statues, uniq_edmund, uniq_blork_the_orc,
          uniq_duvessa, uniq_prince_ribbit1
D:6:      layout_basic, nicolae_overflow_hidden_temple, serial_rivers,
          chequers_serial_rivers_large_a, chequers_serial_rivers_micro_e,
          chequers_serial_rivers_small_b, chequers_serial_rivers_large_b,
          chequers_serial_rivers_micro_b, chequers_serial_rivers_room_a,
          minmay_starry_boxes, uniq_sigmund, uniq_menkaure, uniq_eustachio
D:7:      gammafunk_the_bubble [the_bubble_gammafunk_crates], layout_rooms,
          marbit_many_paths, gammafunk_temple_overflow_statue, uniq_joseph
D:8:      layout_basic, kennysheep_mini_moat, uniq_grum, uniq_erica,
          uniq_harold, uniq_pikel
Temple:   nicolae_temple_elliptical

Skill      XL: |  1  2  3  4  5  6  7  8  9 10 |
---------------+-------------------------------+-----
Hexes          | 5 6 7 8 |  8.6
Stealth        | 5 6 7 8 10 12 14 15 | 15.1
Short Blades   | 2 3 4 |  4.4
Dodging        | 3 4 6 7 |  7.2
Ice Magic      | 1 2 3 4 |  4.1
Spellcasting   | 3 4 |  4.9
Fighting       | 1 |  1.5
Armour         | 1 |  1.8

Action                   |  1- 3 |  4- 6 |  7- 9 | 10-12 || total
-------------------------+-------+-------+-------+-------++-------
Melee: Dagger            |    86 |    99 |   225 |    15 ||   425
       Bite              |     6 |     8 |    22 |     1 ||    37
 Cast: Ensorcelled Hiber |     6 |    23 |    93 |    19 ||   141
       Confusing Touch   |       |       |     7 |       ||     7
 Abil: Exsanguinate      |       |       |     1 |       ||     1
  Use: Scroll            |       |     5 |       |       ||     5
 Stab: Sleeping          |    11 |    25 |    67 |    12 ||   115
       Distracted        |       |     2 |       |       ||     2
       Confused          |       |       |     6 |       ||     6
Armor: Robe              |    24 |    13 |       |       ||    37
       Troll leather arm |       |     4 |    39 |     4 ||    47
Dodge: Dodged            |    70 |    79 |   182 |    18 ||   349
